 Dungeon Crawl Stone Soup version 0.31.0-4-g52a2dc7128 (webtiles) character file.

Game seed: 10284123571721143747

144 Crownlay the Trooper (level 5, -9/43 HPs)
             Began as a Djinni Monk on Jan 22, 2024.
             Mangled by an ice beast (10 damage)
             ... on level 2 of the Dungeon.
             The game lasted 00:03:47 (2682 turns).

Crownlay the Trooper (Djinni Monk)                  Turns: 2682, Time: 00:03:48

Health: -9/43      AC:  6    Str: 10    XL:     5   Next: 52%
Gold:   121        EV: 13    Int: 14    God:
                   SH:  0    Dex: 15

rFire   + + +        a - +0 short sword
rCold   x x .        d - orb {light}
rNeg    . . .        b - +0 robe
rPois   ∞            (no helmet)
rElec   .            (no cloak)
rCorr   .            (no gloves)
SInv    .            (boots unavailable)
Will    .....        (no amulet)
Stlth   +            l - +4 ring of protection
HPRegen 0.27/turn    h - ring of fire
MPRegen 0.00/turn

%: infuse magic (-10 HP)
@: flying, glowing
A: sickness immunity, fire resistance 2, cold vulnerability 1, float, innate
caster, HP casting, extra vitality 1
a: no special abilities


You were on level 2 of the Dungeon.
You visited 1 branch of the dungeon, and saw 3 of its levels.

You collected 121 gold pieces.

Inventory:

Hand Weapons
 a - a +0 short sword (weapon)
Armour
 b - a +0 robe (worn)
 d - an orb of light (worn)
Jewellery
 h - a ring of fire (right hand)
 l - a +4 ring of protection (left hand)
Wands
 n - a wand of flame (19)
Scrolls
 f - a scroll of vulnerability {unknown}
 g - 2 scrolls of enchant weapon {unknown}
 j - a scroll of brand weapon {unknown}
 k - a scroll of fear {unknown}
 m - a scroll of identify {unknown}
Potions
 c - a potion of ambrosia
 e - 2 potions of degeneration {unknown}
 i - 2 potions of attraction {unknown}


   Skills:
 * Level 5.0 Fighting
 - Level 2.6 Short Blades
 - Level 3.2 Dodging
 + Level 1.9 Spellcasting
 + Level 1.9 Conjurations
 + Level 1.9 Hexes
   Level 0.0 Charms
 + Level 1.9 Summonings
 + Level 1.9 Necromancy
 + Level 1.9 Translocations
   Level 0.0 Transmutations
 + Level 1.9 Fire Magic
 + Level 1.9 Ice Magic
 + Level 1.9 Air Magic
 + Level 1.9 Earth Magic
 + Level 1.9 Alchemy


You knew the following spells:

 Your Spells              Type           Power      Damage    Failure   Level
a - Magic Dart            Conj           24%        1d4       11%         1
b - Ensorcelled Hibernat  Hex/Ice        12%        N/A       17%         2
Your spell library was empty.

Dungeon Overview and Level Annotations

Branches:
Dungeon (3/15)

Altars:

Shops:
D:2 =

Annotations:
D:3 Grinder


Innate Abilities, Weirdness & Mutations

You are immune to sickness and miasma.
You are immune to poison.
Your flesh is very heat resistant. (rF++)
You are vulnerable to cold. (rC-)
You float through the air rather than walking.
You learn spells naturally, not from books.
Your magical power is your life essence.
You have superior vitality. (+4 MHP)


Message History

Confirm with . or Enter, or press ? or * to list all spells.
You can't see any susceptible monsters within range! (Use Z to cast anyway.)
Casting: Magic Dart (safe; 11% risk of failure)
Confirm with . or Enter, or press ? or * to list all spells.
Aiming: Magic Dart (safe; 11% risk of failure)
Press: ? - help, Shift-Dir - straight line, f - ice beast
Aim: an ice beast (haloed, 100% to hit)
The magic dart hits the ice beast.
The ice beast is lightly wounded.
The ice beast barely misses you.
Casting: Magic Dart (safe; 11% risk of failure)
Confirm with . or Enter, or press ? or * to list all spells.
Aiming: Magic Dart (safe; 11% risk of failure)
Press: ? - help, Shift-Dir - straight line, f/p - ice beast
Aim: an ice beast (lightly wounded, haloed, 100% to hit)
The magic dart hits the ice beast but does no damage.
The ice beast is lightly wounded.
The ice beast hits you but does no damage.
You hit the ice beast but do no damage.
The ice beast is lightly wounded.
The ice beast hits you. The ice beast freezes you!!
You feel a terrible chill!
You hit the ice beast but do no damage.
The ice beast is lightly wounded.
The ice beast barely misses you.
The ice beast attacks as it pursues you!
The ice beast barely misses you.
There is a stone staircase leading up here.
The ice beast barely misses you.
You fly upwards.
There is a stone staircase leading down here.
The ice beast attacks as it pursues you!
The ice beast hits you but does no damage.
The ice beast attacks as it pursues you!
The ice beast hits you. The ice beast freezes you!!
You feel a terrible chill!
* * * LOW HITPOINT WARNING * * *
The ice beast attacks as it pursues you!
The ice beast hits you.
* * * LOW HITPOINT WARNING * * *
The ice beast freezes you!
You feel a terrible chill!
You die...

...........)..####........##
##.###.###########......#..##
#.# #.# #######.........##.#
##.# #.# #...[..........###.#
...# #.# #.#####.####.#####.#
.### #.# #.# #.# ##.###..# .#
#.# #.# #.# ##...#.# .# #.#
#.# #Y# ##.##.# .# #.# #.#
#@# #.##.# )#####.###.# #.#
#.##.# ........##.# #.#
#.##.# #######.##.# #.#
#.##.##### #.##.#
#.#######......... #.##.#
#....##......####. #.##.#
#.##>##.##........ #.##.#
#................. #.##.#
#.##.##.##........


You could see an ice beast.

Vanquished Creatures
  A bombardier beetle (D:3)
  2 adders (D:2)
  3 dart slugs
  2 ribbon worms (D:2)
  8 orcs
  6 bats
  An endoplasm (D:1)
  4 giant cockroaches
  6 goblins
  7 hobgoblins
  5 kobolds
  6 quokkas
  7 ball pythons
  2 frilled lizards
  13 rats
73 creatures vanquished.

Notes
Turn   | Place    | Note
-------+----------+-------------------------------------------
     0 | D:1      | Crownlay the Djinni Monk began the quest for the Orb.
     0 | D:1      | Reached XP level 1. HP: 20/20 MP: 0/0
   119 | D:1      | Reached XP level 2. HP: 25/25 MP: 0/0
   365 | D:1      | Reached XP level 3. HP: 28/30 MP: 0/0
   365 | D:1      | Learned a level 1 spell: Magic Dart
   528 | D:1      | Reached skill level 1 in Spellcasting
   528 | D:1      | Reached skill level 1 in Conjurations
   528 | D:1      | Reached skill level 1 in Hexes
   528 | D:1      | Reached skill level 1 in Summonings
   528 | D:1      | Reached skill level 1 in Necromancy
   528 | D:1      | Reached skill level 1 in Translocations
   528 | D:1      | Reached skill level 1 in Fire Magic
   528 | D:1      | Reached skill level 1 in Ice Magic
   528 | D:1      | Reached skill level 1 in Air Magic
   528 | D:1      | Reached skill level 1 in Earth Magic
   528 | D:1      | Reached skill level 1 in Alchemy
   775 | D:2      | Found Roaqejalir's Jewellery Shop.
   884 | D:2      | Reached skill level 4 in Fighting
   992 | D:2      | Reached XP level 4. HP: 10/37 MP: 0/0
  1875 | D:3      | Noticed Grinder
  2110 | D:3      | Reached XP level 5. HP: 39/42 MP: 0/0
  2110 | D:3      | Learned a level 2 spell: Ensorcelled Hibernation
  2407 | D:3      | Reached skill level 5 in Fighting
  2477 | D:3      | Paralysed by Grinder for 3 turns
  2652 | D:3      | Noticed an ice beast
  2678 | D:2      | HP: 1/43 [ice beast (18)]
  2682 | D:2      | Mangled by an ice beast

Illustrated notes

Levels and vault maps discovered:
D:1:      evilmike_arrival_crescent, layout_rooms, grunt_decor_one_mirror
D:2:      minmay_diamond_boxcup, layout_loops_ring, serial_shops, shop
D:3:      minmay_angry_zag, layout_basic, uniq_grinder

Skill      XL: |  1  2  3  4  5 |
---------------+----------------+-----
Spellcasting   | 1 |  1.9
Conjurations   | 1 |  1.9
Hexes          | 1 |  1.9
Summonings     | 1 |  1.9
Necromancy     | 1 |  1.9
Translocations | 1 |  1.9
Fire Magic     | 1 |  1.9
Ice Magic      | 1 |  1.9
Air Magic      | 1 |  1.9
Earth Magic    | 1 |  1.9
Alchemy        | 1 |  1.9
Fighting       | 4 5 |  5.0
Short Blades   | |  2.6
Dodging        | |  3.2

Action                     |  1- 3 |  4- 6 || total
---------------------------+-------+-------++-------
  Melee: Short sword       |    99 |    88 ||   187
   Cast: Magic Dart        |    46 |    94 ||   140
 Armour: Robe              |    42 |    60 ||   102
  Dodge: Dodged            |    75 |    67 ||   142
